 Dungeon Sprint DCSS version 0.16-a0-3781-g2316936 (console) character file.

2607 Monkaria the Severer (level 9, 0/83 HPs)
             Began as a Hill Orc Fighter on Jan 25, 2015.
             Was a Believer of Makhleb.
             Succumbed to a trapdoor spider's poison
             ... in the Dungeon (Sprint I: "Red Sonja").
             The game lasted 00:03:10 (1555 turns).

Monkaria the Severer (Hill Orc Fighter)             Turns: 1555, Time: 00:03:11

Health: 0/83       AC:  9    Str: 22    XL:     9   Next: 59%
Magic:  9/9        EV:  7    Int:  8    God:    Makhleb [**....]
Gold:   508        SH:  9    Dex: 10    Spells: 0 memorised, 8 levels left

rFire  . . .     SeeInvis .     a - +0 war axe
rCold  . . .     Clarity  .     b - +0 scale mail
rNeg   . . .     SustAb   .     c - +0 shield
rPois  .         Gourm    .     (no helmet)
rElec  .         Spirit   .     (no cloak)
rCorr  .         Warding  .     (no gloves)
rMut   .         NoTele   +     (no boots)
MR     .....                    (no amulet)
Stlth  ..........               (no ring)
                                (no ring)

@: lethally poisoned, not resistant to hostile enchantments, extremely
unstealthy
A: no striking features
a: Minor Destruction, Renounce Religion


You were in the Dungeon.
You worshipped Makhleb.
Makhleb was pleased with you.
You were not hungry.

You visited 1 branch You collected 508 gold pieces.

Inventory:

Hand weapons
 a - a +0 war axe (weapon)
Armour
 b - a +0 scale mail (worn)
 c - a +0 shield (worn)
Scrolls
 k - a scroll of blinking
Potions
 e - a potion of might
 h - a potion of haste
 i - 2 potions of magic


   Skills:
 - Level 9.2 Fighting
 + Level 18.7 Axes
 - Level 14.2 Armour
 - Level 3.2 Shields


You had 8 spell levels left.
You didn't know any spells.

Dungeon Overview and Level Annotations

Branches:
Dungeon (1/1)

Altars:
Elyvilon
Gozag
Kikubaaqudgha
Makhleb
Nemelex Xobeh
Okawaru
Qazlal
Ru
Sif Muna
Trog
Vehumet
Xom
Yredelemnul
Zin
The Shining One

Shops:
D :


Message History

* * * LOW HITPOINT WARNING * * *
You feel sick.
* * * LOW HITPOINT WARNING * * *
You feel sick.
* * * LOW HITPOINT WARNING * * *
You feel sick.
There is an open door here.
* * * LOW HITPOINT WARNING * * *
You feel sick.
Drink which item? (? for menu, Esc to quit)
It was a potion of restore abilities.
You feel refreshed.
* * * LOW HITPOINT WARNING * * *
You feel sick.
Drink which item? (? for menu, Esc to quit)
Okay, then.
Read which item? (? for menu, Esc to quit)
As you read the scroll labeled ORREMU TRUYCO, it crumbles to dust.
You assume a fearsome visage.
Nothing appears to happen.
It was a scroll of fear.
You die...

..#..'..# ..').#..+
#'#####'# ####
..#...#(####..####
###..##.#≈§§§.#..#
__##'#..'§§§§§+..#
...÷..._#≈§≈.§#..#
._##_.#)##+#####'###
__###+#(# #@'.# ###
### ###.# #.# #.#
#§# +§# #.# #§# +§#


There were no monsters in sight!

Vanquished Creatures
  2 centaur warriors (D)
  An oklob plant (D)
  A yak (D)
  3 trapdoor spiders (D)
  A wasp (D)
  An ogre (D)
  Sigmund (D)
  A jelly (D)
  Ijyb (D)
12 creatures vanquished.

Vanquished Creatures (others)
  A gargoyle (D)
1 creature vanquished.

Grand Total: 13 creatures vanquished

Notes
Turn   | Place    | Note
--------------------------------------------------------------
     0 | D        | Monkaria, the Hill Orc Fighter, began the quest for the Orb.
     0 | D        | Reached XP level 1. HP: 19/19 MP: 1/1
     1 | D        | Noticed Ijyb
    30 | D        | Killed Ijyb
    30 | D        | Reached skill level 5 in Fighting
    30 | D        | Reached skill level 5 in Axes
    30 | D        | Reached XP level 2. HP: 16/29 MP: 2/2
   167 | D        | Noticed an ogre
   172 | D        | Killed an ogre
   172 | D        | Reached skill level 10 in Axes
   172 | D        | Reached XP level 3. HP: 14/36 MP: 3/3
   172 | D        | Reached XP level 4. HP: 16/42 MP: 4/4
   365 | D        | Noticed Sigmund
   372 | D        | Killed Sigmund
   372 | D        | Reached XP level 5. HP: 37/57 MP: 5/5
   483 | D        | Found a deep blue altar of Sif Muna.
   484 | D        | Noticed a jelly
   485 | D        | Found a radiant altar of Vehumet.
   489 | D        | Killed a jelly
   489 | D        | Reached skill level 11 in Axes
   510 | D        | Found Luixzic's Book Emporium.
   510 | D        | Found a white marble altar of Elyvilon.
   510 | D        | Found a stormy altar of Qazlal.
   510 | D        | Found a basalt altar of Yredelemnul.
   510 | D        | Found an iron altar of Okawaru.
   510 | D        | Found a sparkling altar of Nemelex Xobeh.
   510 | D        | Found a shimmering altar of Xom.
   510 | D        | Found an ancient bone altar of Kikubaaqudgha.
   510 | D        | Noticed a yak
   519 | D        | Killed a yak
   519 | D        | Reached XP level 6. HP: 38/63 MP: 6/6
   520 | D        | Found a burning altar of Makhleb.
   520 | D        | Found a sacrificial altar of Ru.
   520 | D        | Found a glowing golden altar of the Shining One.
   520 | D        | Found an opulent altar of Gozag.
   520 | D        | Found a glowing silver altar of Zin.
   522 | D        | Found a bloodstained altar of Trog.
   528 | D        | Became a worshipper of Makhleb the Destroyer
   543 | D        | Noticed a centaur warrior
   544 | D        | Noticed a centaur warrior
   561 | D        | Killed a centaur warrior
   561 | D        | Reached skill level 14 in Armour
   561 | D        | Reached XP level 7. HP: 44/70 MP: 7/7
   561 | D        | Reached XP level 8. HP: 49/78 MP: 8/8
   568 | D        | Killed a centaur warrior
   568 | D        | Acquired Makhleb's first power
   568 | D        | Reached skill level 15 in Axes
   568 | D        | Reached XP level 9. HP: 48/83 MP: 9/9
   577 | D        | Noticed a wasp
   580 | D        | Paralysed by a wasp for 2 turns
   584 | D        | Killed a wasp
   822 | D        | Noticed an oklob plant
  1173 | D        | Killed an oklob plant
  1173 | D        | Reached skill level 17 in Axes
  1187 | D        | Noticed a trapdoor spider
  1190 | D        | Killed a trapdoor spider
  1196 | D        | Noticed a trapdoor spider
  1207 | D        | Killed a trapdoor spider
  1207 | D        | Acquired Makhleb's second power
  1207 | D        | Reached skill level 18 in Axes
  1252 | D        | Killed a gargoyle
  1523 | D        | Noticed a trapdoor spider
  1546 | D        | Killed a trapdoor spider
  1550 | D        | HP: 4/83 [poisoned by a trapdoor spider]
  1554 | D        | HP: 1/83 [poisoned by a trapdoor spider]
  1555 | D        | Succumbed to a trapdoor spider's poison

Action                   |  1- 3 |  4- 6 |  7- 9 || total
-------------------------+-------+-------+-------++-------
Melee: War axe           |    31 |    25 |    66 ||   122
  Use: Potion            |       |     2 |     2 ||     4
       Scroll            |       |       |     1 ||     1
  Eat: Meat ration       |       |       |     1 ||     1
